 Dungeon Crawl Stone Soup version 0.30-a0-782-ge64f9170bb (webtiles) character file.

Game seed: 10679439916250009803

193 112233 the Sneak (level 5, -2/31 HPs)
             Began as an Octopode Enchanter on Mar 1, 2023.
             Slain by a scorpion (7 damage)
             ... on level 4 of the Dungeon.
             The game lasted 00:03:30 (3550 turns).

112233 the Sneak (Octopode Enchanter)               Turns: 3550, Time: 00:03:31

Health: -2/31      AC:  1    Str:  7 (8)  XL:     5   Next: 72%
Magic:  6/10       EV: 13    Int: 16 (19) God:
Gold:   170        SH:  0    Dex: 11 (12) Spells: 2/10 levels left

rFire   . . .      SeeInvis .    l - +0 short sword (venom)
rCold   . . .      Faith    .    (no shield)
rNeg    . . .      Spirit   .    (helmet restricted)
rPois   .          Reflect  .    (no amulet)
rElec   .          Harm     .    (no ring)
rCorr   .          Rampage  .    (no ring)
Will    .....                    (no ring)
Stlth   ++++                     (no ring)
HPRegen 0.25/turn                (no ring)
MPRegen 0.12/turn                (no ring)
                                 (no ring)
                                 (no ring)

@: lethally poisoned (-2 -> -9)
A: almost no armour, amphibious, 8 rings, camouflage 1, gelatinous body 1,
(nimble swimmer 1), tentacles
a: no special abilities


You were on level 4 of the Dungeon.
You visited 1 branch of the dungeon, and saw 4 of its levels.

You collected 170 gold pieces.

Inventory:

Hand Weapons
 a - a +1 dagger
 j - a +0 vampiric dagger
 l - a +0 short sword of venom (weapon)
Missiles
 e - 10 poisoned darts (quivered)
Magical Staves
 p - a staff of air
Jewellery
 k - a ring of resist corrosion
 q - an amulet of faith
Wands
 o - a wand of acid (8)
Scrolls
 c - a scroll of torment {unknown}
 f - a scroll of amnesia {unknown}
 h - a scroll of teleportation {unknown}
 i - a scroll of identify {unknown}
 m - a scroll of vulnerability {unknown}
Potions
 b - a potion of invisibility
 n - a potion of ambrosia {unknown}
 r - a potion of flight {unknown}


   Skills:
 - Level 1.0 Short Blades
 - Level 2.0 Dodging
 * Level 7.6 Stealth
 + Level 3.3 Spellcasting
 - Level 3.0 Hexes


You had 2 spell levels left.
You knew the following spells:

 Your Spells              Type           Power      Damage    Failure   Level
a - Ensorcelled Hibernat  Hex/Ice        14%        N/A       14%         2
b - Confusing Touch       Hex            12%        N/A       16%         3
c - Tukima's Dance        Hex            12%        N/A       16%         3

Your spell library contained the following spells:

 Spells                   Type           Power      Damage    Failure   Level
 Dazzling Flash           Conj/Hex       14%        N/A       28%         3


Dungeon Overview and Level Annotations

Branches:
Dungeon (4/15)
 Temple: D:4-7

Altars:

Shops:
D:3 (


Innate Abilities, Weirdness & Mutations

You cannot wear most types of armour.
You are amphibious.
You can wear up to eight rings at the same time.
Your skin changes colour to match your surroundings (Stealth+).
Your rubbery body absorbs attacks. (AC +1, EV +1)
((You are camouflaged when in or above water. (Stealth+)))
You have tentacles for arms and can constrict up to eight enemies at once.


Message History

Confirm with . or Enter, or press ? or * to list all spells.
Aiming: Ensorcelled Hibernation (safe; 12% risk of failure)
Press: ? - help, Shift-Dir - straight line, f - kobold
Aim: a kobold, wielding a +0 whip and quivering poisoned darts (chance to affect: 59%)
The kobold looks drowsy...
The scorpion stings you.
Unknown command.
Unknown command.
Unknown command.
Unknown command.
Unknown command.
Unknown command.
Unknown command.
Unknown command.
Unknown command.
Welcome back, 112233 the Octopode Enchanter.
Press ? for a list of commands and other information.
Unknown command.
Unknown command.
The helpless kobold fails to defend itself.
You puncture the kobold!
You kill the kobold!
The scorpion stings you!
You are poisoned.
The scorpion poisons you!
Cast which spell? (? or * to list)
Aiming: Ensorcelled Hibernation (safe; 12% risk of failure)
Press: ? - help, Shift-Dir - straight line, f - scorpion
Aim: a scorpion (moderately wounded, chance to affect: 41%)
The scorpion resists with some effort.
You feel very sick. The scorpion stings you!
* * * LOW HITPOINT WARNING * * *
Unknown command.
It was a potion of degeneration.
There was something very wrong with that liquid.
You feel weakened.
You feel dopey.
You feel clumsy.
* * * LOW HITPOINT WARNING * * *
You feel very sick. The scorpion stings you!
You die...

#..........#####.................
..#####..### ##(...........#####.
..# ##.. ##.............# ## .##
##............... .#
..#............ .#
..#............ .#
............... . .#
......)s....... .. ##
.......@......# .. #
..............# . .
.##..........## .## .
##........... ..#.. ###...###...
.... #...# #.... ... ##..#
##....# # #..# #......## #..#
#.......#


You could see a scorpion.

Vanquished Creatures
  A hound (D:4)
  Natasha (D:4)
  4 adders
  An ufetubus (D:4)
  A worm (D:3)
  3 dart slugs
  4 orcs (D:4)
  4 bats
  8 endoplasms
  3 giant cockroaches
  8 goblins
  12 hobgoblins
  2 jackals (D:1)
  10 kobolds
  2 quokkas
  6 ball pythons
  2 frilled lizards
  6 rats
78 creatures vanquished.

Notes
Turn   | Place    | Note
-------+----------+-------------------------------------------
     0 | D:1      | 112233 the Octopode Enchanter began the quest for the Orb.
     0 | D:1      | Reached XP level 1. HP: 11/11 MP: 3/3
   196 | D:1      | Reached XP level 2. HP: 12/17 MP: 5/5
   383 | D:2      | Learned a level 2 spell: Ensorcelled Hibernation
   410 | D:2      | Reached skill level 5 in Stealth
   637 | D:2      | Reached XP level 3. HP: 11/21 MP: 6/6
  1677 | D:1      | Found a faded altar of an unknown god.
  1838 | D:1      | Reached XP level 4. HP: 27/27 MP: 8/8
  1922 | D:1      | Reached skill level 6 in Stealth
  2769 | D:3      | Found Pieloe's Weapon Boutique.
  2908 | D:4      | Learned a level 3 spell: Confusing Touch
  2912 | D:4      | Learned a level 3 spell: Tukima's Dance
  2919 | D:4      | Noticed Natasha
  2922 | D:4      | Killed Natasha
  2923 | D:4      | Reached skill level 7 in Stealth
  2923 | D:4      | Reached XP level 5. HP: 31/31 MP: 9/9
  3550 | D:4      | Slain by a scorpion

Illustrated notes

Levels and vault maps discovered:
D:1:      dpeg_arrival_water_temple_mockup, layout_basic,
          ebering_ecumenical_altar_webs
D:2:      layout_basic
D:3:      layout_rooms, serial_shops, nicolae_shop_bloodbath_and_beyond
D:4:      layout_layer_cave, uniq_natasha

Skill      XL: |  1  2  3  4 |
---------------+-------------+-----
Stealth        | 5 7 |  7.6
Spellcasting   | 3 |  3.3
Short Blades   | |  1.0
Dodging        | |  2.0
Hexes          | |  3.0

Action                     |  1- 3 |  4- 6 || total
---------------------------+-------+-------++-------
  Melee: Dagger            |    76 |    22 ||    98
         Constrict         |    18 |    17 ||    35
         Tentacles         |    17 |    16 ||    33
         Short sword       |       |    47 ||    47
   Cast: Ensorcelled Hiber |       |     4 ||     4
    Use: Potion            |       |     5 ||     5
   Stab: Sleeping          |    10 |    17 ||    27
         Distracted        |     2 |     1 ||     3
 Armour: Skin              |     3 |     6 ||     9
  Dodge: Dodged            |    41 |    30 ||    71

Table legend: (Time is in decaauts)
 A = Elapsed time spent in this place.
 B = Non-inter-level travel time spent in this place.
 C = Inter-level travel time spent in this place.
 D = Time resting spent in this place.
 E = Time spent auto-exploring this place.
 F = Levels seen in this place.
 G = Mean time per level.
                   A        B        C        D        E       F      G
               +--------+--------+--------+--------+--------+-----+--------+
         Total |   3542 |   3350 |    192 |    548 |   2219 |   4 |  885.5 |
       Dungeon |   3542 |   3350 |    192 |    548 |   2219 |   4 |  885.5 |
               +--------+--------+--------+--------+--------+-----+--------+

Top non-repeatable levels by time:
     D:1: 1207 daAuts
     D:2: 958 daAuts
     D:3: 741 daAuts
     D:4: 636 daAuts
